AoeStats
← Preda

Arabia

509687837Analyzed
3v3 RM · 5d ago on Sep 27, 2026· 34m 26s· 6 players
Game mode
Random Map
Map size
Normal (6 player)
Population
200
Speed
Normal
Resources
Standard
Victory
Conquest
Starting age
Dark Age
Ending age
Imperial Age
RankedLock teamsTeams togetherTeam positionsShared explorationLock speedFull tech treeHidden civsTurbo modeCheats
Victory
Defeat
🇦🇷 Persians · Argentina
1342
+11
🇦🇷 Danes · Argentina
1266
+14
🇺🇾 Shu · Uruguay
1054
+22
🇪🇸 Khmer · Spain
1227
-16
🇪🇸 Ethiopians · Spain
1210
-16
🇲🇽 Magyars · Mexico
1201
-15
Preda
6:34 Loom
9:16 Feudal Age
9:52 Double-Bit Axe
18:01 Bloodlines
21:55 Fletching
30:45 Castle Age
29:12 Horse Collar
30:13 Padded Archer Armor
30:27 Gold Mining
30:55 Scale Barding Armor
31:49 Wheelbarrow
32:21 Chain Barding Armor
32:35 Husbandry
juanoc
6:43 Loom
10:14 Feudal Age
10:51 Horse Collar
10:58 Double-Bit Axe
15:20 Wheelbarrow
15:21 Gold Mining
17:08 Fletching
19:03 Padded Archer Armor
23:59 Castle Age
24:39 Bodkin Arrow
24:06 Crossbowman
24:51 Thumb Ring
25:40 Leather Archer Armor
26:23 Bow Saw
28:44 Ballistics
29:51 Town Watch
Leopard
6:40 Loom
6:45 Loom
10:13 Feudal Age
15:34 Castle Age
13:57 Double-Bit Axe
14:16 Horse Collar
22:29 Bow Saw
22:59 Bloodlines
23:45 Scale Barding Armor
26:53 Fletching
28:20 Wheelbarrow
28:27 Chain Barding Armor
28:37 Forging
28:41 Bodkin Arrow
32:20 Gold Mining
32:48 Hand Cart
3lDruli
6:02 Loom
9:13 Feudal Age
9:42 Double-Bit Axe
13:40 Fletching
14:45 Horse Collar
20:07 Wheelbarrow
23:22 Castle Age
22:29 Gold Mining
23:31 Crossbowman
24:07 Bodkin Arrow
25:59 Ballistics
29:49 Padded Archer Armor
32:08 Leather Archer Armor
Rocker_
6:49 Loom
8:58 Feudal Age
9:23 Double-Bit Axe
11:21 Horse Collar
17:13 Scale Barding Armor
20:00 Castle Age
18:47 Bloodlines
19:08 Scale Barding Armor
19:42 Forging
20:24 Gold Mining
20:51 Bow Saw
24:38 Chain Barding Armor
26:54 Iron Casting
27:47 Husbandry
31:59 Wheelbarrow
31:56 Stone Mining
LRNI Michel
6:14 Loom
9:10 Feudal Age
9:51 Double-Bit Axe
12:54 Fletching
16:53 Padded Archer Armor
19:35 Wheelbarrow
22:55 Castle Age
21:26 Gold Mining
22:59 Crossbowman
23:46 Thumb Ring
23:58 Bodkin Arrow
25:25 Leather Archer Armor
26:33 Bow Saw
28:25 Ballistics
30:37 Town Watch
36:15 Imperial Age
Connection lost

Rejoining the realm…

Still unreachable

The connection could not be restored.

Session expired

The server has moved on; the page needs a fresh start.